 Dungeon Crawl Stone Soup version 0.20.1-1-g8b1a95d (webtiles) character file.

98 equalderp2856 the Ducker (level 4, -1/23 HPs)
             Began as a Spriggan Fighter on July 16, 2017.
             Killed from afar by an orc wizard (5 damage)
             ... with a magic dart
             ... on level 4 of the Dungeon.
             The game lasted 00:08:43 (3858 turns).

equalderp2856 the Ducker (Spriggan Fighter)         Turns: 3858, Time: 00:08:43

Health: -1/23      AC:  2    Str: 13    XL:     4   Next: 44%
Magic:  5/5        EV: 19    Int:  9    God:
Gold:   73         SH:  6    Dex: 15    Spells: 3/3 levels left

rFire    . . .     SeeInvis +   a - +0 rapier
rCold    . . .     Gourm    .   c - +0 buckler
rNeg     . . .     Faith    .   b - +0 robe
rPois    .         Spirit   .   (helmet restricted)
rElec    .         Reflect  .   (no cloak)
rCorr    .         Harm     .   (gloves unavailable)
MR       .....                  (boots unavailable)
Stlth    ++........             (no amulet)
Regen    0.1/turn               (no ring)
MPRegen  0.1/turn               (no ring)

@: very quick
A: unfitting armour, see invisible, herbivore 3, speed 3, slow metabolism 2
a: no special abilities


You were on level 4 of the Dungeon.
You were hungry.

You visited 1 branch of the dungeon, and saw 4 of its levels.

You collected 73 gold pieces.

Inventory:

Hand Weapons
 a - a +0 rapier (weapon)
 o - a +2 dagger of draining
 q - a +0 dagger
 r - a +0 hunting sling
 w - a +0 short sword
 y - a +0 hunting sling
 C - a +0 dagger
 D - a +0 hunting sling
 I - a +0 short sword
Missiles
 j - 8 poisoned needles
 n - 19 bolts
 p - 82 stones (quivered)
 s - 70 arrows
Armour
 b - a +0 robe (worn)
 c - a +0 buckler (worn)
 u - a cursed +0 robe
 v - a +0 pair of gloves
 z - a +0 robe
 G - a +0 chain mail
 J - a +0 scale mail
 L - a +0 scale mail
Jewellery
 k - an uncursed amulet of rage {unknown}
Scrolls
 e - a scroll of enchant weapon {unknown}
 i - 2 scrolls of identify {unknown}
 l - a scroll of fog {unknown}
 m - a scroll of recharging {unknown}
 E - 2 scrolls of remove curse {unknown}
 F - 2 scrolls of random uselessness {unknown}
Potions
 d - a potion of might
 h - 2 potions of heal wounds {unknown}
 x - a potion of curing {unknown}
 B - a potion of flight {unknown}
 H - a potion of magic {unknown}
 K - a potion of experience {unknown}
Books
 M - Vehumet's Incunabulum of Attacks
   (You found it on level 4 of the Dungeon)

   Spells                             Type                      Level
   a - Magic Dart                     Conjuration                  1
Comestibles
 f - 5 bread rations
 g - 3 royal jellies
 t - a meat ration
 A - 2 fruits


   Skills:
 + Level 2.8 Fighting
 + Level 3.9 Short Blades
 + Level 5.0 Dodging
 + Level 1.4 Stealth
 + Level 2.4 Shields


You had 3 spell levels left.
You didn't know any spells.

Dungeon Overview and Level Annotations

Branches:
Dungeon (4/15)             Temple (0/1) D:4

Altars:
Fedhas
Kikubaaqudgha
Okawaru
Qazlal
Sif Muna
Vehumet


Innate Abilities, Weirdness & Mutations

You are very small and have problems with some larger weapons.
You are too small for most types of armour.
You have supernaturally acute eyesight. (SInv)
You are a herbivore.
You cover ground extremely quickly.
You need consume almost no food.


Message History

You are feeling hungry.
An orc wizard opens the door.
The orc shouts!
The orc shouts!
You hit the orc wizard but do no damage.
The orc wizard hits you with a dagger.
You closely miss the orc wizard. The orc wizard hits you with a dagger.
You barely miss the orc wizard.
The orc wizard hits you but does no damage.
You closely miss the orc wizard. The orc wizard hits you with a dagger.
You closely miss the orc wizard. The orc wizard hits you with a dagger.
The orc wizard casts a spell at you. The magic dart hits you!
* * * LOW HITPOINT WARNING * * *
You hit the orc wizard but do no damage.
The orc wizard closely misses you.
You barely miss the orc wizard.
The orc wizard points at you and mumbles some strange words.
The magic dart hits you!
You die...

# ##.## #.# ...# #.# #.#
###.# #.# #.# # ######
#.##### # ##._.8###
#.....### . #8...##.##
#......$# . ###...##..##
##.<.....# .
##8##.#.....####........#
#...#.......o@............
#_....⌠.....####........##
#...#..#...## ##.......#
##8##.##..## #.......#
###..o8### ####.####
#8..o## .# ##._.## .#
####.# #.#


You could see an orc wizard and 2 orcs.

Vanquished Creatures
  2 adders (D:2)
  An ooze (D:2)
  3 worms (D:2)
  A dart slug (D:1)
  5 leopard geckos
  2 giant cockroaches (D:2)
  5 goblins
  5 hobgoblins
  10 jackals
  2 quokkas
  7 bats
  6 frilled lizards
  3 kobolds
  5 rats
57 creatures vanquished.

Notes
Turn   | Place    | Note
-------+----------+-------------------------------------------
     0 | D:1      | equalderp2856 the Spriggan Fighter began the quest for the Orb.
     0 | D:1      | Reached XP level 1. HP: 11/11 MP: 2/2
   245 | D:1      | Reached XP level 2. HP: 16/16 MP: 3/3
  1440 | D:2      | Reached XP level 3. HP: 7/19 MP: 4/4
  1883 | D:2      | Found a stormy altar of Qazlal.
  1883 | D:2      | Found an iron altar of Okawaru.
  2104 | D:2      | Found a blossoming altar of Fedhas.
  2287 | D:2      | Reached skill level 1 in Stealth
  2622 | D:2      | Reached XP level 4. HP: 11/23 MP: 5/5
  3538 | D:3      | Reached skill level 5 in Dodging
  3744 | D:3      | Noticed a centaur
  3761 | D:4      | Found a staircase to the Ecumenical Temple.
  3802 | D:4      | Found a radiant altar of Vehumet.
  3807 | D:4      | Found an ancient bone altar of Kikubaaqudgha.
  3809 | D:4      | Found a deep blue altar of Sif Muna.
  3814 | D:4      | Identified Vehumet's Incunabulum of Attacks
  3858 | D:4      | Killed from afar by an orc wizard

Skill      XL: |  1  2  3  4 |
---------------+-------------+-----
Short Blades   | 3 |  3.9
Stealth        | 1 |  1.4
Dodging        | 5 |  5.0
Fighting       | |  2.8
Shields        | |  2.4

Action                   |  1- 3 |  4- 6 || total
-------------------------+-------+-------++-------
Melee: Rapier            |   135 |    72 ||   207
 Stab: Sleeping          |     1 |       ||     1
Armor: Robe              |    11 |     5 ||    16
Dodge: Dodged            |    88 |    50 ||   138
Block: Buckler           |    36 |    21 ||    57
